 Dungeon Sprint DCSS version 0.30-a0-177-g1cb5dbfd7a (webtiles) character file.

Game seed: 5681377259583807355

112 hellse the Insei (level 4, -1/44 HPs)
             Began as a Gnoll Transmuter on Oct 2, 2022.
             Splashed by a jelly's acid (3 damage)
             ... in the Dungeon (Sprint III: "The Ten Rune Challenge").
             The game lasted 00:00:58 (413 turns).

hellse the Insei (Gnoll Transmuter)                  Turns: 413, Time: 00:00:59

Health: -1/44      AC: -1    Str: 11    XL:     4   Next: 93%
Magic:  8/12       EV: 12    Int: 12    God:
Gold:   18         SH:  0    Dex: 13    Spells: 7/15 levels left

rFire   x . .      SeeInvis .      - Unarmed
rCold   + + +      Faith    .    (shield currently unavailable)
rNeg    . . .      Spirit   .    (body armour currently unavailable)
rPois   +          Reflect  .    (helmet currently unavailable)
rElec   .          Harm     .    (cloak currently unavailable)
rCorr   .          Rampage  .    (gloves currently unavailable)
Will    .....      NoTele   +    (boots currently unavailable)
Stlth   ++........               (no amulet)
HPRegen 0.27/turn                (no ring)
MPRegen 0.13/turn                (no ring)

@: ice-form, corroded
A: freezing attack, amphibious, boosted hp, large, (fangs 1), strong nose,
distributed training
a: End Transformation


You were in the Dungeon.
You were a creature of crystalline ice.
You visited 1 branch You collected 18 gold pieces.

Inventory:

Hand Weapons
 i - a +0 whip of draining (melded)
Armour
 a - a +0 robe (melded)
Scrolls
 h - a scroll of blinking
 j - a scroll of torment {unknown}
 k - 4 scrolls of identify
 m - a scroll of poison {unknown}
Potions
 c - a potion of curing
 d - 2 potions of heal wounds
 e - a potion of haste
 f - 2 potions of magic
 g - a potion of berserk rage
 l - 3 potions of flight
 n - 5 potions of mutation


   Skills:
 + Level 4.1 Fighting
 + Level 3.2 Short Blades
 + Level 3.2 Long Blades
 + Level 3.2 Axes
 + Level 3.2 Maces & Flails
 + Level 3.2 Polearms
 + Level 3.2 Staves
 + Level 3.2 Ranged Weapons
 + Level 3.2 Throwing
 + Level 3.2 Armour
 + Level 5.6 Dodging
 + Level 3.2 Stealth
 + Level 3.2 Shields
 + Level 7.3 Unarmed Combat
 + Level 6.0 Spellcasting
 + Level 2.6 Conjurations
 + Level 2.6 Hexes
 + Level 2.6 Summonings
 + Level 2.6 Necromancy
 + Level 2.6 Translocations
 + Level 4.6 Transmutations
 + Level 2.6 Fire Magic
 + Level 2.6 Ice Magic
 + Level 2.6 Air Magic
 + Level 2.6 Earth Magic
 + Level 2.6 Poison Magic
 + Level 3.5 Invocations
 + Level 3.2 Evocations


You had 7 spell levels left.
You knew the following spells:

 Your Spells              Type           Power      Damage    Failure   Level
a - Beastly Appendage     Tmut           28%        N/A       2%          1
b - Spider Form           Tmut/Pois      12%        N/A       12%         3
c - Ice Form              Ice/Tmut       12%        N/A       38%         4

Your spell library contained the following spells:

 Spells                   Type           Power      Damage    Failure   Level
 Wereblood                Tmut           14%        N/A       4%          2


Dungeon Overview and Level Annotations

Branches:
Dungeon (1/1)

Altars:


Innate Abilities, Weirdness & Mutations

You are a creature of crystalline ice.
You have a powerful freezing melee attack.
You are amphibious.
Your maximum health is increased.
Your armour is entirely melded.
You are incapable of wielding weapons or throwing items.
((You have very sharp teeth.))
Your uncanny sense of smell can sniff out nearby items.
Your experience applies equally to all skills.


Message History

You start resting.
Your magical contamination has completely faded away.
You start resting.
Magic restored.
You start resting.
HP restored.
Casting: Ice Form (extremely dangerous; 38% risk of failure)
Confirm with . or Enter, or press ? or * to list all spells.
The spell is extremely dangerous to miscast (38% risk of failure)!
Continue anyway?
You turn into a creature of crystalline ice.
Your +0 whip of draining melds into your body.
Your +0 robe melds into your body.
You open the door.
A jelly comes into view.
The jelly quivers.
The jelly moves out of view.
A shadow comes into view.
There is an open door here.
The shadow slips into darkness.
The shadow flickers and vanishes!
Deactivating autopickup; reactivate with Ctrl-A.
You hit something. The jelly hits you but does no damage.
The shadow strikes at you from the darkness!
Ouch! That really hurt!
Reactivating autopickup.
You barely miss the shadow.
The shadow is lightly damaged.
The jelly hits you. The acid corrodes you!
You are splashed with acid.
* * * LOW HITPOINT WARNING * * *
The shadow closely misses you.
You hit the shadow but do no damage.
The shadow is lightly damaged.
The jelly hits you.
* * * LOW HITPOINT WARNING * * *
You are splashed with acid!
* * * LOW HITPOINT WARNING * * *
The shadow barely misses you.
You hit the jelly. You freeze the jelly. The acid corrodes you!
Your front paws burn!
You die...

▓▓▓ ♣ ♣.# ∆ ∆ ♣♣♣
♣♣.# ∆ ∆ ∆ ..♣ ..#∆ ∆
∆ ∆ ~♣♣
♣♣.###+#+###+##
~.♣♣♣..#..........#∆
~~♣.♣♣.'.⌠........#∆∆
∆∆
≈~~~♣..#...######'#∆
~~~....#.⌠.# #WY.#
~~.....#...#∆ #.J.#
.......#+### #...#
.......# ∆∆ #...+
.......# +...#
▓▓▓▓▓▓▓▓ ▓▓▓▓▓


You could see a shadow and a jelly.

Vanquished Creatures
  A water elemental (D)
  Jessica (D)
  A human (D)
  A phantom (D)
  2 endoplasms (D)
  A rat (D)
7 creatures vanquished.

Notes
Turn   | Place    | Note
-------+----------+-------------------------------------------
     0 | D        | hellse the Gnoll Transmuter began the quest for the Orb.
     0 | D        | Reached XP level 1. HP: 17/17 MP: 6/6
    10 | D        | Reached skill level 5 in Spellcasting
    16 | D        | Noticed Jessica
    22 | D        | Killed Jessica
    23 | D        | Reached skill level 1 in Short Blades
    23 | D        | Reached skill level 1 in Long Blades
    23 | D        | Reached skill level 1 in Axes
    23 | D        | Reached skill level 1 in Maces & Flails
    23 | D        | Reached skill level 1 in Polearms
    23 | D        | Reached skill level 1 in Staves
    23 | D        | Reached skill level 1 in Ranged Weapons
    23 | D        | Reached skill level 1 in Throwing
    23 | D        | Reached skill level 1 in Armour
    23 | D        | Reached skill level 5 in Dodging
    23 | D        | Reached skill level 1 in Stealth
    23 | D        | Reached skill level 1 in Shields
    23 | D        | Reached skill level 1 in Conjurations
    23 | D        | Reached skill level 1 in Hexes
    23 | D        | Reached skill level 1 in Summonings
    23 | D        | Reached skill level 1 in Necromancy
    23 | D        | Reached skill level 1 in Translocations
    23 | D        | Reached skill level 1 in Fire Magic
    23 | D        | Reached skill level 1 in Ice Magic
    23 | D        | Reached skill level 1 in Air Magic
    23 | D        | Reached skill level 1 in Earth Magic
    23 | D        | Reached skill level 1 in Poison Magic
    23 | D        | Reached skill level 1 in Evocations
    23 | D        | Reached XP level 2. HP: 11/24 MP: 8/8
    23 | D        | Reached XP level 3. HP: 13/29 MP: 9/9
    93 | D        | Learned a level 3 spell: Spider Form
   156 | D        | Reached skill level 7 in Unarmed Combat
   205 | D        | Noticed a water elemental
   216 | D        | Killed a water elemental
   217 | D        | Reached XP level 4. HP: 30/37 MP: 12/12
   302 | D        | Learned a level 4 spell: Ice Form
   408 | D        | Noticed a shadow
   412 | D        | HP: 2/44 [acid (10)]
   413 | D        | Splashed by a jelly's acid

Illustrated notes

Levels and vault maps discovered:
D:        dungeon_sprint_mu [sprint_mu_entry_forest, sprint_mu_temple_rooms,
          sprint_mu_d1_horrors, sprint_mu_d2_genie, sprint_mu_d3_branching,
          sprint_mu_orc_legion, sprint_mu_elf_gauntlet, sprint_mu_hive_nellie,
          sprint_mu_lair_fedhas, sprint_mu_vaults_butterflies,
          sprint_mu_slime_circle, sprint_mu_swamp_cave, sprint_mu_snake_twists,
          sprint_mu_blade_basic, sprint_mu_crypt_chambers,
          sprint_mu_tomb_spiral, sprint_mu_vestibule_basic,
          sprint_mu_gehenna_hellfire, sprint_mu_dis_giant,
          sprint_mu_tartarus_statrot, sprint_mu_cocytus_islands, sprint_mu_zot1]

Skill      XL: |  1  2  3 |
---------------+----------+-----
Spellcasting   | 5 6 |  6.0
Fighting       | 3 4 |  4.1
Short Blades   | 1 3 |  3.2
Long Blades    | 1 3 |  3.2
Axes           | 1 3 |  3.2
Maces & Flails | 1 3 |  3.2
Polearms       | 1 3 |  3.2
Staves         | 1 3 |  3.2
Ranged Weapons | 1 3 |  3.2
Throwing       | 1 3 |  3.2
Armour         | 1 3 |  3.2
Dodging        | 5 |  5.6
Stealth        | 1 3 |  3.2
Shields        | 1 3 |  3.2
Conjurations   | 1 2 |  2.6
Hexes          | 1 2 |  2.6
Summonings     | 1 2 |  2.6
Necromancy     | 1 2 |  2.6
Translocations | 1 2 |  2.6
Transmutations | 4 |  4.6
Fire Magic     | 1 2 |  2.6
Ice Magic      | 1 2 |  2.6
Air Magic      | 1 2 |  2.6
Earth Magic    | 1 2 |  2.6
Poison Magic   | 1 2 |  2.6
Invocations    | 2 3 |  3.5
Evocations     | 1 3 |  3.2
Unarmed Combat | 7 |  7.3

Action                   |  1- 3 |  4- 6 || total
-------------------------+-------+-------++-------
Melee: Whip              |    31 |       ||    31
       Unarmed           |    13 |     4 ||    17
       Kick              |     2 |       ||     2
       Bite              |     3 |       ||     3
       Headbutt          |     1 |       ||     1
       Punch             |     1 |       ||     1
 Cast: Beastly Appendage |     2 |       ||     2
       Spider Form       |     1 |       ||     1
       Ice Form          |       |     1 ||     1
  Use: Potion            |     1 |       ||     1
Armor: Robe              |     2 |       ||     2
       Skin              |     5 |     1 ||     6
Dodge: Dodged            |    19 |     2 ||    21

Table legend: (Time is in decaauts)
 A = Elapsed time spent in this place.
 B = Non-inter-level travel time spent in this place.
 C = Inter-level travel time spent in this place.
 D = Time resting spent in this place.
 E = Time spent auto-exploring this place.
 F = Levels seen in this place.
 G = Mean time per level.
                   A        B        C        D        E       F      G
               +--------+--------+--------+--------+--------+-----+--------+
         Total |    413 |    413 |      0 |    264 |      0 |   1 |  413.0 |
       Dungeon |    413 |    413 |      0 |    264 |      0 |   1 |  413.0 |
               +--------+--------+--------+--------+--------+-----+--------+

Top non-repeatable levels by time:
       D: 413 daAuts
